 Dungeon Crawl Stone Soup version 0.22.1-1-ga44c0e56f4 (webtiles) character file.

760 Nebulos the Magician (level 7, -1/37 HPs)
             Began as a Deep Elf Fire Elementalist on Sept 21, 2018.
             Slain by an iguana (9 damage)
             ... on level 6 of the Dungeon.
             The game lasted 00:16:28 (3756 turns).

Nebulos the Magician (Deep Elf Fire Elementalist)   Turns: 3756, Time: 00:16:28

Health: -1/37      AC:  5    Str:  5    XL:     7   Next: 50%
Magic:  10/19      EV: 13    Int: 22    God:
Gold:   203        SH:  0    Dex: 15    Spells: 14/20 levels left

rFire    . . .     SeeInvis .   o - +0 rapier
rCold    . . .     Gourm    .   (no shield)
rNeg     . . .     Faith    .   j - +2 leather armour {rPois}
rPois    +         Spirit   .   (no helmet)
rElec    .         Reflect  .   (no cloak)
rCorr    .         Harm     .   (no gloves)
MR       .....                  (no boots)
Stlth    ++........             (no amulet)
HPRegen  0.12/turn              (no ring)
MPRegen  0.16/turn              (no ring)

@: no status effects
A: no striking features
a: no special abilities


You were on level 6 of the Dungeon.
You were hungry.

You visited 1 branch of the dungeon, and saw 6 of its levels.

You collected 203 gold pieces.

Inventory:

Hand Weapons
 b - a +0 rapier
 o - a +0 rapier (weapon)
Armour
 a - a +1 robe
 j - a +2 leather armour of poison resistance (worn)
Jewellery
 e - an uncursed ring of ice
Scrolls
 d - 5 scrolls of enchant armour
 f - a scroll of teleportation
 m - a scroll of blinking {unknown}
 q - 2 scrolls of identify {unknown}
Potions
 g - a potion of haste {unknown}
 i - a potion of invisibility
 l - a potion of brilliance {unknown}
 n - a potion of magic {unknown}
Comestibles
 c - 9 rations


   Skills:
 + Level 0.9 Fighting
 + Level 0.5 Armour
 + Level 3.6 Dodging
 - Level 2.4 Stealth
 * Level 7.4 Spellcasting
 * Level 4.6 Conjurations
 + Level 5.4 Fire Magic


You had 14 spell levels left.
You knew the following spells:

 Your Spells              Type           Power        Failure   Level  Hunger
a - Flame Tongue          Conj/Fire      ####.        1%          1    None
b - Conjure Flame         Conj/Fire      ####....     4%          3    None
c - Throw Flame           Conj/Fire      ####..       2%          2    None

Your spell library contained the following spells:

 Spells                   Type           Power        Failure   Level  Hunger
 Inner Flame              Hex/Fire       ###.....     13%         3    None
 Sticky Flame             Conj/Fire      ####....     17%         4    ###....
 Fireball                 Conj/Fire      ####......   43%         5    #####..


Dungeon Overview and Level Annotations

Branches:
Dungeon (7/15)
 Temple: D:4-7

Altars:
Gozag
Nemelex Xobeh
Qazlal
Sif Muna
Xom
Zin
The Shining One


Message History

The centaur is almost dead.
The centaur closely misses you. The iguana bites you.
* * * LOW HITPOINT WARNING * * *
Casting: Flame Tongue (safe; 1% risk of failure)
Confirm with . or Enter, or press ? or * to list all spells.
Aiming: Flame Tongue (safe; 1% risk of failure)
Press: ? - help, Shift-Dir - straight line, f/p - centaur
Aim: a centaur (almost dead)
The flame tongue hits the centaur.
You kill the centaur!
The iguana bites you but does no damage.
Casting: Flame Tongue (safe; 1% risk of failure)
Confirm with . or Enter, or press ? or * to list all spells.
Aiming: Flame Tongue (safe; 1% risk of failure)
Press: ? - help, Shift-Dir - straight line, f - iguana
Aim: an iguana The flame tongue hits the iguana.
The iguana is severely wounded.
The iguana bites you!
You die...

.##.... #.#.....
#....... ...![.....
########..........
..........(.......
......l.(..........
......)@.#......(.#
........(#........#
........(..........
...................
.########..<...[...
#..........
#.>........
##........#
##...?..##


You could see an iguana.

Vanquished Creatures
  A centaur (D:6)
  4 killer bees (D:7)
  A howler monkey (D:4)
  A centaur skeleton (D:4)
  2 hounds
  A gnoll shaman (D:4)
  Natasha (thrice) (D:3)
  An iguana (D:7)
  2 worker ants
  A hound skeleton (D:4)
  4 adders
  3 gnolls (D:4)
  2 worms
  4 dart slugs
  5 leopard geckos
  16 orcs
  2 giant cockroaches
  8 goblins
  5 hobgoblins
  6 jackals
  8 kobolds
  2 quokkas
  2 ball pythons (D:4)
  6 bats
  9 frilled lizards
  8 rats
107 creatures vanquished.

Notes
Turn   | Place    | Note
-------+----------+-------------------------------------------
     0 | D:1      | Nebulos the Deep Elf Fire Elementalist began the quest for
                  | the Orb.
     0 | D:1      | Reached XP level 1. HP: 10/10 MP: 6/6
    94 | D:1      | Reached XP level 2. HP: 15/15 MP: 5/8
   577 | D:1      | You fall through a shaft!
   700 | D:2      | Found a deep blue altar of Sif Muna.
   748 | D:2      | Reached XP level 3. HP: 19/19 MP: 6/9
   757 | D:2      | Learned a level 3 spell: Conjure Flame
   760 | D:2      | Learned a level 2 spell: Throw Flame
   772 | D:2      | Found an opulent altar of Gozag.
  1486 | D:3      | Found a stormy altar of Qazlal.
  1502 | D:3      | Reached XP level 4. HP: 24/24 MP: 4/11
  1628 | D:3      | Reached skill level 4 in Spellcasting
  1868 | D:3      | Noticed Natasha
  1876 | D:3      | Killed Natasha
  1876 | D:3      | Reached XP level 5. HP: 9/28 MP: 4/14
  2116 | D:3      | Noticed Natasha
  2127 | D:3      | Killed Natasha
  2127 | D:3      | Reached skill level 5 in Spellcasting
  2294 | D:3      | Found a glowing golden altar of the Shining One.
  2346 | D:3      | Noticed Natasha
  2351 | D:3      | Killed Natasha
  2535 | D:4      | Reached XP level 6. HP: 8/32 MP: 6/16
  2803 | D:4      | Found a glowing silver altar of Zin.
  3047 | D:4      | Reached skill level 6 in Spellcasting
  3049 | D:4      | Reached skill level 5 in Fire Magic
  3304 | D:4      | Found a shimmering altar of Xom.
  3315 | D:4      | Found a shimmering altar of Xom.
  3315 | D:4      | Found a shimmering altar of Xom.
  3326 | D:4      | Found a shimmering altar of Xom.
  3334 | D:4      | You fall through a shaft for 3 floors!
  3334 | D:7      | Found a sparkling altar of Nemelex Xobeh.
  3377 | D:7      | Reached XP level 7. HP: 27/37 MP: 13/19
  3403 | D:7      | Reached skill level 7 in Spellcasting
  3533 | D:7      | Found the +3 sling "Punk" {acid, rCorr}
  3601 | D:7      | HP: 1/37 [killer bee (8)]
  3756 | D:6      | Slain by an iguana

Skill      XL: |  1  2  3  4  5  6  7 |
---------------+----------------------+-----
Fire Magic     | 4 5 |  5.4
Dodging        | 3 |  3.6
Spellcasting   | 4 5 6 7 |  7.4
Conjurations   | 2 3 4 |  4.6
Fighting       | |  0.9
Armour         | |  0.5
Stealth        | |  2.4

Action                   |  1- 3 |  4- 6 |  7- 9 || total
-------------------------+-------+-------+-------++-------
Melee: Short sword       |    22 |       |       ||    22
       Dagger            |    11 |       |       ||    11
       Rapier            |       |    32 |     2 ||    34
 Cast: Flame Tongue      |    58 |   102 |    32 ||   192
       Conjure Flame     |       |     1 |     3 ||     4
  Use: Scroll            |     3 |     2 |     2 ||     7
       Potion            |       |     2 |     4 ||     6
 Stab: Sleeping          |     6 |       |       ||     6
  Eat: Chunk             |     2 |     5 |     1 ||     8
Armor: Robe              |    15 |    11 |       ||    26
       Leather armour    |       |     2 |    13 ||    15
Dodge: Dodged            |    46 |    55 |    40 ||   141
